 Dungeon Crawl Stone Soup version 0.30-a0-576-g89cddaab80 (webtiles) character file.

Game seed: 3813612462569163766

62203 kae the Transmogrifier (level 14, -13/132 (133) HPs)
             Began as a Demonspawn Transmuter on Dec 30, 2022.
             Was a High Priest of Ru.
             Mangled by a six-headed hydra simulacrum (25 damage)
             ... on level 5 of the Lair of Beasts.
             The game lasted 00:27:59 (23580 turns).

kae the Transmogrifier (Demonspawn Transmuter)     Turns: 23580, Time: 00:28:00

HP:   -13/132 (133) AC: 30    Str: 12    XL:     14   Next: 63%
MP:   27/27         EV: 16    Int: 18    God:    Ru [*****.]
Gold: 1067          SH:  0    Dex: 18    Spells: 10/31 levels left

rFire   . . .      SeeInvis .      - Unarmed
rCold   . . .      Faith    +    (no shield)
rNeg    + . .      Spirit   .    (body armour currently unavailable)
rPois   ∞          Reflect  .    (helmet restricted)
rElec   +          Harm     .    (no cloak)
rCorr   .          Rampage  .    (gloves currently unavailable)
Will    +....                    (boots currently unavailable)
Stlth   ++++                     T - amulet of faith {!P}
HPRegen 0.42/turn                O - +4 ring of protection
MPRegen 0.20/turn                L - ring of flight

@: statue-form, flying, lightly drained, unable to read, unable to drink, very
slow
A: slow and powerful, torment resistance 1, boosted hp, antennae 1, thin
skeletal structure 2, powered by pain 1, inability to drink after injury 2,
inability to read after injury 2, inability to use devices
a: End Transformation, Renounce Religion, Draw Out Power, Power Leap, Apocalypse


You were on level 5 of the Lair of Beasts.
You worshipped Ru.
Ru was extremely pleased with you.
You were a living statue of rough stone.
You visited 2 branches of the dungeon, and saw 16 of its levels.
You also visited: Ice Cave.

You collected 1067 gold pieces.


Innate Abilities, Weirdness & Mutations

You are a living statue of rough stone.
Your actions are slow, but your melee attacks are powerful.
You are resistant to unholy torment.
Your maximum health is greatly increased.
You are immune to poison.
Your equipment is partially melded.
You have a pair of small antennae on your head.
You have a moderately thin skeletal structure. (Dex +4, Stealth++)
You sometimes gain a little power by taking damage.
You sometimes lose the ability to drink potions when taking damage.
You sometimes lose the ability to read scrolls when taking damage.
You cannot study or use magical devices.


   Skills:
 - Level 7.2 Fighting
 - Level 6.6 Dodging
 - Level 9.3 Unarmed Combat
 - Level 9.1 Spellcasting
 - Level 13.0 Transmutations
 - Level 6.0 Ice Magic
 * Level 12.3 Earth Magic
 - Level 1.5 Poison Magic


You had 10 spell levels left.
You knew the following spells:

 Your Spells              Type           Power      Damage    Failure   Level
a - Beastly Appendage     Tmut           100%       N/A       1%          1
b - Wereblood             Tmut           53%        N/A       1%          2
c - Spider Form           Tmut/Pois      34%        N/A       1%          3
d - Ice Form              Ice/Tmut       42%        N/A       1%          4
e - Blade Hands           Tmut           26%        N/A       1%          5
f - Statue Form           Tmut/Erth      34%        N/A       8%          6

Your spell library contained the following spells:

 Spells                   Type           Power      Damage    Failure   Level
 Lee's Rapid Deconstruct  Erth           25%        3d14*     1%          5
 Ignite Poison            Fire/Tmut/Pois 25%        N/A       3%          3
 Animate Armour           Summ/Erth      60%        N/A       7%          4
 Leda's Liquefaction      Hex/Erth       15%        N/A       7%          4
 Magic Dart               Conj           32%        1d4       9%          1
 Summon Small Mammal      Summ           32%        N/A       9%          1
 Searing Ray              Conj           16%        2d5       13%         2
 Irradiate                Conj/Tmut      15%        3d16      17%         5
 Call Canine Familiar     Summ           8%         N/A       26%         3
 Kindle Blastsparks       Fire/Tloc/Air  16%        2d11      26%         3
 Portal Projectile        Hex/Tloc       16%        N/A       26%         3
 Summon Guardian Golem    Hex/Summ       8%         N/A       26%         3
 Tukima's Dance           Hex            8%         N/A       26%         3
 Vhi's Electric Charge    Tloc/Air       16%        N/A       26%         3
 Olgreb's Toxic Radiance  Pois           13%        N/A       43%         4
 Fulminant Prism          Conj/Hex       4%         3d5       65%         4
 Iron Shot                Conj/Erth      15%        9d4       71%         6
 Arcjolt                  Conj/Air       4%         1d14      94%         5
 Ozocubu's Refrigeration  Ice            14%        4d10      99%         7
 Ignition                 Fire           4%         3d4       100%        8
 Maxwell's Capacitive Co  Air            4%         ∞         100%        8

Inventory:

Missiles
 l - 8 boomerangs
 n - 2 throwing nets {=f!f}
 o - 12 javelins
 A - 24 stones
 D - a curare-tipped dart {=f}
 Y - 4 poisoned darts
Armour
 a - a +0 robe (melded)
 r - the +1 Delatra's gloves (melded) {ID++}
   (You found it on level 3 of the Dungeon)

   It heals its wearer when they drink unknown potions.
   It restores its wearer's MP when they read unknown scrolls.
 G - +0 swamp dragon scales
   (You took it off Maggie on level 7 of the Dungeon)
Magical Staves
 x - a staff of earth {!a}
   (You found it on level 6 of the Dungeon)
 E - a staff of earth {!a}
   (You found it on level 5 of the Dungeon)
 H - a staff of conjuration {!a}
   (You found it on level 5 of the Lair of Beasts)
Jewellery
 v - a ring of see invisible
   (You found it on level 7 of the Dungeon)
 C - a ring of protection from cold
   (You found it on level 5 of the Lair of Beasts)
 F - a ring of fire
   (You found it on level 1 of the Dungeon)
 L - a ring of flight (right fist)
   (You found it on level 5 of the Dungeon)
 N - a ring of positive energy
   (You found it on level 6 of the Dungeon)
 O - a +4 ring of protection (left fist)
   (You found it on level 3 of the Dungeon)
 T - an amulet of faith (around neck) {!P}
   (You found it on level 1 of the Dungeon)
 Z - an amulet of magic regeneration
   (You found it on level 3 of the Lair of Beasts)
Scrolls
 h - 5 scrolls of fog
 k - 12 scrolls of teleportation {@r4}
 p - 12 scrolls of identify {@r1}
 t - 6 scrolls of immolation {!r!r}
 y - 4 scrolls of enchant armour
 z - a scroll of fear
 B - 2 scrolls of magic mapping {!r}
 I - 3 scrolls of blinking {!r}
 M - a scroll of vulnerability {!r!r}
 U - a scroll of poison {!r}
 X - 4 scrolls of enchant weapon
Potions
 b - 6 potions of lignification {!q}
 d - 4 potions of brilliance
 e - 2 potions of resistance
 f - 6 potions of magic
 g - 4 potions of might
 i - a potion of mutation {!q}
 j - 9 potions of curing {@q1}
 m - 4 potions of attraction {!q}
 q - 4 potions of berserk rage {!q}
 s - a potion of ambrosia
 u - 3 potions of flight
 w - 7 potions of heal wounds {@q2}
 W - 3 potions of haste {@q3}
Miscellaneous
 c - a box of beasts
   (You found it on level 5 of the Lair of Beasts)

Dungeon Overview and Level Annotations

Branches:
Dungeon (11/15) Zot: 25268  Temple (0/1) D:6            Lair (5/5) D:11 Zot: 20501
  Swamp (0/4) Lair:3       Spider (0/4) Lair:3        Slime (0/5) Lair:4
    Orc (0/2) D:10          IceCv (visited)

Altars:
Gozag
Hepliaklqana
Nemelex Xobeh
Okawaru
Ru
Trog
Vehumet
Xom

Annotations:
D:5 3 runed translucent doors, Notanamesir's ghost, novice GnWn
D:6 1 runed translucent door, wilfster70's ghost, novice DsBe
Lair:5 sanka's ghost, journeyman DgEE

#P##...###..## ##...###...##....
............##########.#..#.#....
............#..#.#$.#............
............##.??[.##............
............#.......#............
.......#.#..##.....####...#......
#..#...###..#..WZZZ.# #P..##.....
###.....###.###ZZZ#####..###.#...
#...............8...##......##...
P.#....##..........##.......##...
.......##......^..........P.#....
..#....###..#.#..................
.###....####.#......P............
#.#....P.#.#.#......##..P...##...
.##................###...#..##...
#.##.......................##....
.................................


You could see a spectral death yak, a spectral dream sheep, sanka's ghost, a
komodo dragon simulacrum, a six-headed hydra simulacrum (corona), a death yak
simulacrum and a torpor snail simulacrum.


Message History

Your +0 robe unmelds from your body.
X - 4 scrolls of enchant weapon (gained 1)
Found an escape hatch in the ceiling. 😎 HP[-30]
You now have 103 max hp (-30).
A - 24 stones (gained 4)
You see here a +0 helmet.
Key pressed, stopping explore.
Unknown command.
Key pressed, stopping explore.
Key pressed, stopping explore.
There is a stone staircase leading up here.
Key pressed, stopping explore.
Key pressed, stopping explore.
Key pressed, stopping explore.
Could not explore, unopened runed door.
Could not explore, unopened runed door.
Could not explore, unopened runed door.
Could not explore, unopened runed door.
Could not explore, unopened runed door.
Could not explore, unopened runed door.
Could not explore, unopened runed door.
Could not explore, unopened runed door.
Could not explore, unopened runed door.
Could not explore, unopened runed door.
Could not explore, unopened runed door.
Could not explore, unopened runed door.
Press: ? - help, v - describe, . - travel
Here: sanka's ghost (dormant, fire blocked by a runed translucent door)
The floor.
You reach down and open the gate.
You hit the elephant simulacrum but do no damage.
You punch the elephant simulacrum. The spectral death yak gores you.
You feel drained. 😕 HP[-8]
You now have 101 max hp (-2).
You take 8 damage, and now have 95/101 hp.
Casting: Statue Form (dangerous; 8% risk of failure)
Confirm with . or Enter, or press ? or * to list all spells.
You turn into a living statue of rough stone.
The +1 Delatra's gloves {ID++} melds into your body.
Your +0 robe melds into your body.
Sanka's ghost turns its malevolent gaze towards you.
The elephant simulacrum tramples you but does no damage.
The elephant simulacrum closely misses you.
The spectral death yak is stunned by your conviction and fails to attack.
The six-headed hydra simulacrum barely misses you.
The six-headed hydra simulacrum bites you but does no damage. x2
The six-headed hydra simulacrum closely misses you.
The six-headed hydra simulacrum bites you but does no damage.
The six-headed hydra simulacrum barely misses you. 😕 HP[+29] MP[-6]
You now have 131 max hp (+30).
You regained 29 hp, and now have 124/131 hp.
You lost 6 mp, and now have 21/27 mp.
You punch the elephant simulacrum! The spectral death yak misses you.
The elephant simulacrum tramples you but does no damage.
The elephant simulacrum barely misses you.
The six-headed hydra simulacrum bites you but does no damage.
The six-headed hydra simulacrum barely misses you.
The six-headed hydra simulacrum bites you but does no damage.
The six-headed hydra simulacrum bites you!
The six-headed hydra simulacrum freezes you!!
You focus on the pain.
You feel your power returning.
The six-headed hydra simulacrum barely misses you.
The six-headed hydra simulacrum closely misses you. 😮 HP[-40] MP[+6]
You take 40 damage, and now have 84/131 hp.
MASSIVE DAMAGE!! (PAUSE)
Your mp is fully restored (27).
You punch the elephant simulacrum!
Sanka's ghost says, "Missed me!"
The spectral death yak gores you but does no damage.
The six-headed hydra simulacrum bites you but does no damage. x2
The six-headed hydra simulacrum bites you.
The six-headed hydra simulacrum freezes you!!
You feel threatened and lose the ability to read scrolls!
You feel threatened and lose the ability to drink potions!
* * * LOW HITPOINT WARNING * * *
You focus your inner power and illuminate the six-headed hydra simulacrum in retribution!
The six-headed hydra simulacrum closely misses you.
The six-headed hydra simulacrum bites you!
* * * LOW HITPOINT WARNING * * *
The six-headed hydra simulacrum freezes you!!
* * * LOW HITPOINT WARNING * * *
The six-headed hydra simulacrum bites you but does no damage.
The spectral dream sheep is engulfed in freezing vapours.
You redirect the spectral dream sheep's attack!
The spectral dream sheep bites the death yak simulacrum.
The spectral death yak is stunned by your conviction and fails to attack. 😱 HP[-64]
You now have 132 max hp (+1).
You take 64 damage, and now have 20/132 hp.
MASSIVE DAMAGE!! (PAUSE)
The six-headed hydra simulacrum attacks as you move away!
The six-headed hydra simulacrum bites you but does no damage. x2
The six-headed hydra simulacrum bites you!
* * * LOW HITPOINT WARNING * * *
The six-headed hydra simulacrum freezes you!!
You die...

Skill      XL: |  1  2  3  4  5  6  7  8  9 10 11 12 13 14 |
---------------+-------------------------------------------+-----
Transmutations | 2 3 4 5 6 8 9 11 12 13 | 13.0
Unarmed Combat | 3 4 5 6 7 8 9 |  9.3
Poison Magic   | 1 |  1.5
Spellcasting   | 3 4 5 6 7 8 9 |  9.1
Ice Magic      | 1 3 5 6 |  6.0
Dodging        | 3 5 6 |  6.6
Fighting       | 3 5 6 7 |  7.2
Earth Magic    | 8 12 | 12.3

Action                   |  1- 3 |  4- 6 |  7- 9 | 10-12 | 13-15 || total
-------------------------+-------+-------+-------+-------+-------++-------
Melee: Unarmed           |    76 |   117 |   298 |   587 |   619 ||  1697
       Kick              |    25 |    23 |       |       |       ||    48
       Headbutt          |    11 |    17 |       |       |       ||    28
       Punch             |     4 |     3 |     1 |    32 |    59 ||    99
 Cast: Beastly Appendage |    25 |    24 |       |       |       ||    49
       Spider Form       |     1 |     5 |     6 |       |       ||    12
       Ice Form          |       |       |    23 |    16 |     1 ||    40
       Wereblood         |       |       |     4 |    12 |     9 ||    25
       Blade Hands       |       |       |       |    60 |    43 ||   103
       Statue Form       |       |       |       |       |    24 ||    24
Invok: Sacrifice Artific |       |       |     1 |       |       ||     1
       Sacrifice Words   |       |       |       |     1 |       ||     1
       Draw Out Power    |       |       |       |     4 |     2 ||     6
       Sacrifice Drink   |       |       |       |     1 |       ||     1
       Reject Sacrifices |       |       |       |       |     2 ||     2
 Abil: End Transformatio |       |       |       |       |     2 ||     2
  Use: Scroll            |     6 |    10 |     5 |     5 |     1 ||    27
       Potion            |       |       |     2 |     1 |       ||     3
 Stab: Sleeping          |       |     1 |     4 |     7 |     1 ||    13
       Invisible         |       |       |       |     5 |     7 ||    12
       Distracted        |       |       |       |     3 |     6 ||     9
       Paralysed         |       |       |       |     2 |       ||     2
       Petrified         |       |       |       |       |     2 ||     2
Armor: Robe              |    11 |    32 |     1 |    20 |     4 ||    68
       Skin              |       |     1 |   105 |   100 |   290 ||   496
       Swamp dragon scal |       |       |       |   101 |    79 ||   180
Dodge: Dodged            |    49 |    77 |   141 |   386 |   531 ||  1184

Levels and vault maps discovered:
D:1:      elethiomel_arrival_infinity_welcomes_careful_drivers,
          layout_loops_ring, shapermc_ecumenical_altar_mp_vishouse,
          minmay_misc_feat_doors
D:2:      layout_loops_cross, basic_altar
D:3:      layout_basic, kennysheep_donut, pf_guarded_unrand_delatra,
          uniq_jessica, uniq_ijyb
D:4:      layout_gridville, nicolae_ru_awakened_eye
D:5:      kennysheep_windowed_halls, layout_basic, ebering_ghost_gozag,
          uniq_menkaure, uniq_eustachio, uniq_blork_the_orc, uniq_grinder
D:6:      minmay_chambers_of_sixes, layout_loops_corners, lemuel_doored_altar,
          minmay_temple_entry_gardened_gates, ebering_ghost_inner_flame,
          hangedman_abyss_or_decor_jellyfish_corner
D:7:      layout_loops_ring, vehumet_crystals, minmay_liquid_box, uniq_maggie
D:8:      hellmonk_crumbling_castle, layout_loops_ring,
          okawaru_ov_weapons_minmay, st_stairs_6, chequers_serial_rivers_room_a,
          uniq_grum, uniq_prince_ribbit1
D:9:      layout_long_grid, nicolae_elyvilon_peaceful_grove,
          mainiacjoe_overflow_concentric_impassable,
          minmay_fractal_squares_diagonal_5
D:10:     layout_rooms, orc_0_dummy, minmay_variable_closet
D:11:     nzn_winding_woodlands_small [nzn_winding_woodlands_5x15_pockets,
          nzn_winding_woodlands_center_diamonds,
          nzn_winding_woodlands_5x15_zeroes], layout_long_grid,
          minmay_lair_entry_grove, nemelex_lonely_heart_becter
Lair:1:   layout_roguey, portal_ice_cave_rime, uniq_joseph
Lair:2:   layout_loops_ring, serial_bayou, serial_bayou_lagoon_b,
          serial_bayou_pond_b, serial_bayou_crossing, serial_bayou_shore_b,
          serial_bayou_lake_a, chequers_serial_rivers_marsh
Lair:3:   pond_and_an_island_with_a_cottage, layout_chaotic_city,
          palyth_hydra_swamp_entry, nicolae_spider_entry_tight_spaces,
          cheibrodos_lair_caveside_slide, lemuel_fruit_fields,
          lemuel_fruit_fields, uniq_urug
Lair:4:   layout_loops_ring, minmay_slime_entry_pillars, grunt_megastairs_2,
          serial_bayou_shore_a
Lair:5:   grunt_lair_end_beastmaster, layout_regular_city,
          gammafunk_ghost_necromancy

Notes
Turn   | Place    | Note
-------+----------+-------------------------------------------
     0 | D:1      | kae the Demonspawn Transmuter began the quest for the Orb.
     0 | D:1      | Reached XP level 1. HP: 15/15 MP: 3/3
     0 | D:1      | magus.rc [v1.11.3]
   106 | D:1      | Reached skill level 2 in Transmutations
   235 | D:1      | Gained mutation: You sometimes gain a little power by
                  | taking damage. [demonic ancestry]
   235 | D:1      | Reached XP level 2. HP: 21/21 MP: 3/5
   736 | D:1      | Reached skill level 3 in Unarmed Combat
   827 | D:1      | Reached XP level 3. HP: 26/26 MP: 4/6
   830 | D:1      | Learned a level 2 spell: Wereblood
   834 | D:1      | Learned a level 3 spell: Spider Form
  1004 | D:1      | Found a faded altar of an unknown god.
  1687 | D:2      | Found a bloodstained altar of Trog.
  1869 | D:3      | Noticed Jessica
  1873 | D:3      | Killed Jessica
  1874 | D:3      | Reached skill level 3 in Transmutations
  1874 | D:3      | Reached XP level 4. HP: 30/32 MP: 3/7
  2040 | D:3      | Noticed Ijyb
  2068 | D:3      | Killed Ijyb
  2069 | D:3      | Reached skill level 1 in Poison Magic
  2587 | D:3      | Reached XP level 5. HP: 30/37 MP: 9/9
  2590 | D:3      | Found the +1 Delatra's gloves {ID++}
  2753 | D:4      | Found a sacrificial altar of Ru.
  2830 | D:4      | Became a worshipper of Ru the Awakened
  3419 | D:4      | Reached skill level 3 in Spellcasting
  3635 | D:5      | Entered Level 5 of the Dungeon
  3643 | D:5      | You pick up a book of Weapons and begin reading...
  3643 | D:5      | You add the spells Tukima's Dance, Portal Projectile and
                  | Blade Hands to your library.
  3677 | D:5      | Noticed Blork the orc
  3687 | D:5      | Killed Blork the orc
  3688 | D:5      | Reached skill level 4 in Transmutations
  3688 | D:5      | Gained mutation: You have a somewhat thin skeletal
                  | structure. (Dex +2, Stealth+) [demonic ancestry]
  3688 | D:5      | Reached XP level 6. HP: 40/43 MP: 3/10
  3774 | D:5      | Noticed Grinder
  3912 | D:4      | Learned a level 4 spell: Ice Form
  3975 | D:5      | Found a runed translucent gate.
  3975 | D:5      | Found a runed translucent gate.
  3975 | D:5      | Found a runed translucent gate.
  3975 | D:5      | Found an opulent altar of Gozag.
  3981 | D:5      | Noticed a troll
  3981 | D:5      | Noticed Notanamesir's ghost (novice GnWn)
  3984 | D:5      | Noticed a yak
  4011 | D:5      | Reached skill level 4 in Unarmed Combat
  4011 | D:5      | Reached skill level 1 in Ice Magic
  4121 | D:5      | Reached XP level 7. HP: 40/48 MP: 9/12
  4181 | D:5      | Gained mutation: You cannot study or use magical devices.
                  | [Ru sacrifice]
  4181 | D:5      | Reached * piety under Ru
  4181 | D:5      | Reached ** piety under Ru
  4201 | D:5      | Reached skill level 2 in Ice Magic
  4326 | D:5      | Noticed Menkaure
  4367 | D:5      | Killed Menkaure
  4368 | D:5      | Reached skill level 5 in Transmutations
  4545 | D:5      | Reached skill level 3 in Ice Magic
  4608 | D:5      | Reached skill level 4 in Spellcasting
  4615 | D:5      | Noticed a wraith
  4631 | D:5      | Killed a wraith
  4632 | D:5      | Gained mutation: You have a pair of small antennae on your
                  | head. [demonic ancestry]
  4632 | D:5      | Reached XP level 8. HP: 54/54 MP: 14/14
  4644 | D:5      | HP: 11/54 [orc warrior/+0 mace (5)]
  4868 | D:5      | Reached skill level 4 in Ice Magic
  4877 | D:5      | Noticed Eustachio
  4916 | D:5      | Killed Eustachio
  4917 | D:5      | Reached skill level 6 in Transmutations
  4941 | D:5      | Reached skill level 5 in Unarmed Combat
  5209 | D:6      | Learned a level 5 spell: Blade Hands
  5247 | D:6      | Reached skill level 5 in Ice Magic
  5416 | D:5      | Paralysed by Grinder for 3 turns
  5420 | D:5      | Killed Grinder
  5421 | D:5      | Reached skill level 5 in Spellcasting
  5421 | D:5      | Gained mutation: You have a moderately thin skeletal
                  | structure. (Dex +4, Stealth++) [demonic ancestry]
  5421 | D:5      | Reached XP level 9. HP: 39/59 MP: 16/16
  5574 | D:6      | You pick up a book of Callings and begin reading...
  5574 | D:6      | You add the spells Summon Small Mammal, Call Canine
                  | Familiar and Summon Guardian Golem to your library.
  5602 | D:6      | Found a staircase to the Ecumenical Temple.
  5626 | D:6      | Found a hazy altar of Hepliaklqana.
  5800 | D:6      | Reached skill level 7 in Transmutations
  6272 | D:6      | Reached skill level 6 in Ice Magic
  6423 | D:6      | Found a runed translucent door.
  6423 | D:6      | Noticed wilfster70's ghost (novice DsBe)
  6571 | D:6      | Noticed a komodo dragon
  6621 | D:6      | Killed a komodo dragon
  6622 | D:6      | Reached skill level 6 in Unarmed Combat
  6737 | D:6      | Reached skill level 8 in Transmutations
  7111 | D:7      | Reached skill level 6 in Spellcasting
  7330 | D:7      | Reached XP level 10. HP: 65/65 MP: 15/19
  7598 | D:7      | Identified the +4 scale mail of the Harp {Rampage Str+2
                  | Int-5 Stlth+}
  7599 | D:7      | Noticed Maggie
  7618 | D:7      | Killed Maggie
  7640 | D:7      | Found a radiant altar of Vehumet.
  7796 | D:7      | Identified the +1 scale mail "Cufuf" {rC+ Str+4}
  8093 | D:8      | Noticed Grum
  8103 | D:8      | Reached skill level 2 in Dodging
  8110 | D:8      | Killed Grum
  8111 | D:8      | HP: 18/79 [wolf[Grum] (5)]
  8117 | D:8      | Reached skill level 9 in Transmutations
  8194 | D:8      | Noticed a two-headed ogre
  8582 | D:8      | Noticed Prince Ribbit
  8588 | D:8      | Killed Prince Ribbit
  8589 | D:8      | Reached skill level 2 in Fighting
  8731 | D:8      | Killed a two-headed ogre
  8837 | D:8      | Found an iron altar of Okawaru.
  8856 | D:8      | Reached skill level 7 in Unarmed Combat
  9189 | D:8      | Reached skill level 3 in Dodging
  9194 | D:8      | Gained mutation: You occasionally lose the ability to read
                  | scrolls when taking damage. [Ru sacrifice]
  9194 | D:8      | Gained mutation: You sometimes lose the ability to read
                  | scrolls when taking damage. [Ru sacrifice]
  9194 | D:8      | Reached *** piety under Ru
  9379 | D:8      | HP: 15/69 [yak (8)]
  9381 | D:8      | Reached skill level 3 in Fighting
  9678 | D:8      | Reached skill level 7 in Spellcasting
 10181 | D:9      | Reached XP level 11. HP: 70/75 MP: 13/21
 10210 | D:9      | Found a shimmering altar of Xom.
 10362 | D:9      | Reached skill level 10 in Transmutations
 10366 | D:9      | HP: 14/76 [ice devil[a kobold demonologist] (13)]
 10366 | D:9      | HP: 6/76 [ice devil[a kobold demonologist] (8)]
 10373 | D:9      | HP: 24/108 [ice devil[a kobold demonologist] (12)]
 10717 | D:9      | HP: 15/76 [yak (9)]
 10720 | D:9      | Reached skill level 4 in Fighting
 10720 | D:9      | Reached skill level 4 in Dodging
 10720 | D:9      | HP: 7/77 [yak (10)]
 11370 | D:10     | Entered Level 10 of the Dungeon
 11465 | D:10     | Found a staircase to the Orcish Mines.
 11466 | D:10     | You add the spells Kindle Blastsparks, Ignite Poison and
                  | Irradiate to your library.
 11466 | D:10     | Got the Treatise on the Amorphous Jaunt
 12152 | D:10     | You add the spells Olgreb's Toxic Radiance, Ozocubu's
                  | Refrigeration and Ignition to your library.
 12490 | D:11     | Found a staircase to the Lair.
 12600 | D:11     | Reached skill level 5 in Fighting
 12678 | D:11     | Reached skill level 8 in Unarmed Combat
 13014 | D:11     | Reached skill level 11 in Transmutations
 13021 | D:11     | Noticed a flayed ghost
 13034 | D:11     | Noticed a five-headed hydra
 13040 | D:11     | Killed a flayed ghost
 13041 | D:11     | Reached skill level 5 in Dodging
 13045 | D:11     | HP: 19/94 [five-headed hydra (13)]
 13049 | D:11     | Killed a five-headed hydra
 13050 | D:11     | Reached skill level 8 in Spellcasting
 13054 | D:11     | HP: 21/96 [centaur (1)]
 13057 | D:11     | Reached XP level 12. HP: 23/86 MP: 21/24
 13267 | D:11     | Noticed a two-headed ogre
 13271 | D:11     | Killed a two-headed ogre
 13381 | D:11     | Found a sparkling altar of Nemelex Xobeh.
 13382 | D:11     | Gained mutation: You occasionally lose the ability to drink
                  | potions when taking damage. [Ru sacrifice]
 13382 | D:11     | Gained mutation: You sometimes lose the ability to drink
                  | potions when taking damage. [Ru sacrifice]
 13382 | D:11     | Reached **** piety under Ru
 13382 | D:11     | Reached ***** piety under Ru
 13633 | D:11     | Noticed a two-headed ogre
 13638 | D:11     | Killed a two-headed ogre
 14100 | Lair:1   | Entered Level 1 of the Lair of Beasts
 14137 | Lair:1   | Noticed a boulder beetle
 14258 | Lair:1   | Reached skill level 6 in Fighting
 14322 | Lair:1   | Found a frozen archway.
 14400 | IceCv    | Entered an ice cave
 14738 | IceCv    | Found a transporter.
 14762 | IceCv    | Found a transporter.
 14896 | Lair:1   | Reached skill level 6 in Dodging
 14896 | Lair:1   | Reached skill level 12 in Transmutations
 14916 | Lair:1   | You pick up a book of the Earth and begin reading...
 14916 | Lair:1   | You add the spells Leda's Liquefaction, Lee's Rapid
                  | Deconstruction and Statue Form to your library.
 14953 | Lair:1   | Noticed Joseph
 15314 | Lair:1   | Killed a boulder beetle
 15569 | Lair:1   | Reached skill level 9 in Unarmed Combat
 15711 | Lair:1   | Killed Joseph
 15924 | Lair:2   | Reached skill level 9 in Spellcasting
 16101 | Lair:2   | Reached XP level 13. HP: 95/95 MP: 23/26
 16108 | Lair:2   | Reached skill level 7 in Fighting
 16116 | Lair:2   | You add the spells Vhi's Electric Charge, Arcjolt and
                  | Maxwell's Capacitive Coupling to your library.
 16124 | Lair:2   | Learned a level 6 spell: Statue Form
 16304 | Lair:2   | You are sucked into a shaft and drop 2 floors!
 16347 | Lair:4   | Reached skill level 1 in Earth Magic
 17961 | Lair:3   | Found a hole to the Spider Nest.
 17968 | Lair:3   | Reached skill level 2 in Earth Magic
 17974 | Lair:3   | HP: 12/96 [jumping spider (14)]
 18183 | Lair:3   | HP: 22/93 [poisoned by a redback]
 18188 | Lair:3   | HP: 16/93 [poisoned by a redback]
 18814 | Lair:3   | Reached skill level 3 in Earth Magic
 19135 | Lair:3   | Noticed Urug
 19364 | Lair:3   | Killed Urug
 19365 | Lair:3   | Reached skill level 4 in Earth Magic
 19366 | Lair:3   | a +5 double sword {rare}; a +0 ring mail; the orc corpse of
                  | Urug
 19660 | Lair:3   | Reached skill level 13 in Transmutations
 19799 | Lair:3   | Reached skill level 5 in Earth Magic
 19964 | Lair:3   | a +0 ring mail; a +5 double sword {rare}
 20046 | Lair:3   | Reached skill level 6 in Earth Magic
 20314 | Lair:3   | Found a staircase to the Swamp.
 20475 | Lair:3   | a +0 ring mail; a +5 double sword {rare}
 20568 | Lair:4   | Found a staircase to the Slime Pits.
 20757 | Lair:4   | Reached skill level 7 in Earth Magic
 20855 | Lair:4   | Reached skill level 8 in Earth Magic
 21383 | Lair:4   | Reached XP level 14. HP: 103/103 MP: 23/27
 21386 | Lair:4   | Reached skill level 9 in Earth Magic
 21971 | Lair:5   | Entered Level 5 of the Lair of Beasts
 22179 | Lair:5   | Reached skill level 10 in Earth Magic
 22580 | Lair:5   | Found a runed translucent gate.
 22581 | Lair:5   | Found a runed translucent gate.
 22581 | Lair:5   | Found a runed translucent gate.
 22601 | Lair:5   | Reached skill level 11 in Earth Magic
 23128 | Lair:5   | Reached skill level 12 in Earth Magic
 23239 | Lair:5   | You pick up a book of Conjurations and begin reading...
 23239 | Lair:5   | You add the spells Magic Dart, Searing Ray and Fulminant
                  | Prism to your library.
 23248 | Lair:5   | You pick up a book of Iron and begin reading...
 23248 | Lair:5   | You add the spells Animate Armour and Iron Shot to your
                  | library.
 23445 | Lair:5   | Noticed sanka's ghost (journeyman DgEE)
 23579 | Lair:5   | HP: 20/131 [six-headed hydra simulacrum (19)]
 23580 | Lair:5   | Mangled by a six-headed hydra simulacrum

Vanquished Creatures
  6 hydras
  2 catoblepae (Lair:5)
  3 two-headed ogres
  A boulder beetle (Lair:1)
  16 death yaks
  A deep troll shaman (Lair:5)
  Urug (Lair:3)
  A flayed ghost (D:11)
  A necromancer (Lair:3)
  A lindwurm (Lair:5)
  A cyclops (D:11)
  5 black mambas
  Joseph (Lair:1)
  17 elephants
  A torpor snail (Lair:3)
  An unseen horror (D:11)
  16 cane toads
  Maggie (D:7)
  2 kobold demonologists (D:9)
  5 rime drakes
  An anaconda simulacrum (IceCv)
  4 komodo dragons
  2 trolls
  A freezing wraith (IceCv)
  2 polar bears
  Prince Ribbit (D:8)
  Grinder (D:5)
  A slime creature (Lair:4)
  5 dream sheep (Lair:5)
  11 blink frogs
  3 jumping spiders (Lair:3)
  3 wraiths
  10 wyverns
  3 culicivoras (Lair:3)
  A dire elephant simulacrum (IceCv)
  44 yaks
  3 basilisks
  Eustachio (D:5)
  5 redbacks (Lair:3)
  A steam dragon (D:9)
  Grum (D:8)
  Menkaure (D:5)
  2 swamp worms (Lair:3)
  2 acid dragons
  25 water moccasins
  5 black bears
  3 ice beasts
  A sky beast (D:6)
  7 orc warriors
  An elephant zombie (Lair:3)
  4 ogres (D:5)
  19 wolves
  9 centaurs
  A phantom (D:5)
  14 bullfrogs
  4 kobold brigands
  Blork the orc (D:5)
  A gnoll sergeant (D:10)
  A komodo dragon zombie (Lair:3)
  A necrophage (D:7)
  3 cane toad simulacra (IceCv)
  A scorpion (D:5)
  6 wights
  14 killer bees
  An elephant simulacrum (Lair:5)
  6 electric eels
  6 howler monkeys
  9 jellies
  5 hounds
  5 orc priests
  2 basilisk zombies (Lair:3)
  3 gnoll boudas
  Jessica (D:3)
  5 iguanas
  Ijyb (D:3)
  6 hell rats (Lair:5)
  15 orc wizards
  A polar bear simulacrum (IceCv)
  17 gnolls
  12 adders
  4 shadow imps
  A white imp (D:6)
  2 ufetubi (D:5)
  2 worms
  2 dart slugs (D:1)
  37 orcs
  5 endoplasms
  3 giant cockroaches
  6 goblins
  7 hobgoblins
  15 kobolds
  3 quokkas
  4 ball pythons
  3 bats (D:1)
  4 frilled lizards
  2 rats (D:1)
508 creatures vanquished.

Vanquished Creatures (others)
  A hydra (Lair:3)
  An elephant (Lair:5)
  An unseen horror (D:11)
  A yak (D:11)
  A killer bee (D:11)
  A hell rat (Lair:5)
  44 fungi
  140 plants
190 creatures vanquished.

Grand Total: 698 creatures vanquished

Table legend:
 A = Non-vault XP
 B = Vault XP
 C = Vault XP percentage of total XP
 D = Non-vault monster count
 E = Vault monster count
 F = Vault count percentage of total count
                 A         B        C        D         E       F
            +---------+---------+-------+---------+---------+-------
      Total |   58574 |   30288 |  34.1 |     377 |     136 |  26.5
            +---------+---------+-------+---------+---------+-------
        D:1 |      47 |       0 |   0.0 |      26 |       0 |   0.0
        D:2 |      10 |       0 |   0.0 |       4 |       0 |   0.0
        D:3 |      52 |     123 |  70.3 |      11 |       8 |  42.1
        D:4 |     107 |       0 |   0.0 |      13 |       0 |   0.0
        D:5 |     530 |    1895 |  78.1 |      13 |      24 |  64.9
        D:6 |    1330 |     752 |  36.1 |      28 |       6 |  17.6
        D:7 |    1068 |     389 |  26.7 |      25 |       1 |   3.8
        D:8 |    1162 |    2363 |  67.0 |      18 |       9 |  33.3
        D:9 |    3595 |     458 |  11.3 |      41 |       5 |  10.9
       D:10 |    1131 |       0 |   0.0 |      19 |       0 |   0.0
       D:11 |    5521 |    4079 |  42.5 |      28 |      18 |  39.1
     Lair:1 |    7765 |    1170 |  13.1 |      30 |       3 |   9.1
     Lair:2 |    5396 |    1150 |  17.6 |      32 |       4 |  11.1
     Lair:3 |    6674 |    6506 |  49.4 |      25 |      23 |  47.9
     Lair:4 |   12405 |    1593 |  11.4 |      25 |       9 |  26.5
     Lair:5 |   11781 |    8706 |  42.5 |      39 |      19 |  32.8
      IceCv |       0 |    1104 | 100.0 |       0 |       7 | 100.0
            +---------+---------+-------+---------+---------+-------

Illustrated notes

Table legend:
 A = Kills in this place as a percentage of kills in entire the game.
 B = Kills by you in this place as a percentage of kills by you in the entire game.
 C = Kills by friends in this place as a percentage of kills by friends in the entire game.
 D = Other kills in this place as a percentage of other kills in the entire game.
 E = Experience gained in this place as a percentage of experience gained in the entire game.
 F = Experience gained in this place divided by the number of levels of this place that you have seen.
                   A       B       C       D       E      F
               +-------+-------+-------+-------+-------+----------------------
         Total | 100.0 | 100.0 |   N/A | 100.0 | 100.0 | 5227.2
       Dungeon |  57.9 |  58.1 |   N/A |  40.0 |  27.7 | 2237.5
          Lair |  40.7 |  40.6 |   N/A |  60.0 |  71.1 | 12629.2
      Ice Cave |   1.4 |   1.4 |   N/A |   0.0 |   1.2 | 1104.0
               +-------+-------+-------+-------+-------+----------------------

Table legend: (Time is in decaauts)
 A = Elapsed time spent in this place.
 B = Non-inter-level travel time spent in this place.
 C = Inter-level travel time spent in this place.
 D = Time resting spent in this place.
 E = Time spent auto-exploring this place.
 F = Levels seen in this place.
 G = Mean time per level.
                   A        B        C        D        E       F      G
               +--------+--------+--------+--------+--------+-----+--------+
         Total |  23903 |  23260 |    643 |   1852 |  16959 |  17 | 1406.1 |
       Dungeon |  14019 |  13572 |    447 |    963 |  10320 |  11 | 1274.5 |
          Lair |   9498 |   9303 |    195 |    737 |   6495 |   5 | 1899.6 |
      Ice Cave |    385 |    385 |      0 |    151 |    144 |   1 |  385.0 |
               +--------+--------+--------+--------+--------+-----+--------+

Top non-repeatable levels by time:
  Lair:3: 2742 daAuts
  Lair:5: 1899 daAuts
     D:8: 1805 daAuts
  Lair:2: 1746 daAuts
    D:11: 1731 daAuts
  Lair:4: 1668 daAuts
     D:5: 1657 daAuts
     D:9: 1562 daAuts
     D:6: 1482 daAuts
  Lair:1: 1441 daAuts
     D:1: 1104 daAuts
     D:4: 1061 daAuts
     D:7: 1041 daAuts
    D:10: 963 daAuts
     D:3: 926 daAuts
